 Dungeon Crawl Stone Soup version 0.20.1-1-g8b1a95d (webtiles) character file.

154051 ucho the Severer (level 17, -11/169 HPs)
             Began as a Minotaur Berserker on Nov 29, 2017.
             Was a High Priest of Trog.
             Killed by the raging water
             ... invoked by a water nymph
              (23 damage)
             ... on level 2 of the Shoals on Nov 30, 2017.
             The game lasted 03:57:23 (34721 turns).

ucho the Severer (Minotaur Berserker)              Turns: 34721, Time: 03:57:24

Health: -11/169    AC: 34    Str: 27    XL:     17   Next: 5%
Magic:  16/16      EV: 14    Int:  4    God:    Trog [*****.]
Gold:   1032       SH: 16    Dex: 17    Spells: 16/16 levels left

rFire    + + .     SeeInvis .   q - +3 broad axe
rCold    + . .     Gourm    .   E - +2 shield {reflect}
rNeg     . . .     Faith    .   B - +2 plate armour {rPois}
rPois    +         Spirit   .   n - +1 hat
rElec    .         Reflect  +   u - +2 cloak
rCorr    .         Harm     .   b - +0 pair of gloves "Sitegha" {rF++ Dex+5}
MR       +....                  j - +0 pair of boots
Stlth    ..........             l - +2 amulet of reflection
Regen    0.4/turn               A - +3 ring of protection
MPRegen  0.2/turn               O - +4 ring of protection

@: very slow
A: retaliatory headbutt, horns 2, cold resistance 1
a: Berserk, Trog's Hand, Brothers in Arms, Burn Spellbooks, Renounce Religion


You were on level 2 of the Shoals.
You worshipped Trog.
Trog was extremely pleased with you.
You were not hungry.

You visited 6 branches of the dungeon, and saw 29 of its levels.
You also visited: Ice Cave.

You collected 2869 gold pieces.
You spent 1837 gold pieces at shops.

Inventory:

Hand Weapons
 q - a +3 broad axe (weapon)
 w - a +2 antimagic executioner's axe
 T - a +3 battleaxe of venom
Missiles
 N - 7 steel tomahawks (quivered)
 U - 5 javelins of returning
Armour
 b - the +0 pair of gloves "Sitegha" (worn) {rF++ Dex+5}
   (You found it on level 1 of the Snake Pit)

   It affects your dexterity (+5).
   It greatly protects you from fire.
 j - a +0 pair of boots (worn)
 n - a +1 hat (worn)
 u - a +2 cloak (worn)
 B - a +2 plate armour of poison resistance (worn)
 E - a +2 shield of reflection (worn)
Jewellery
 k - an uncursed ring of positive energy
 l - a +2 amulet of reflection (around neck)
 x - an uncursed ring of flight
 A - a +3 ring of protection (left hand)
 O - a +4 ring of protection (right hand)
Wands
 a - a wand of acid (12/15)
 h - a wand of iceblast (8/15)
 I - a wand of acid (10/15)
 P - a wand of acid (13/15)
 W - a wand of iceblast (2/15)
Scrolls
 d - 14 scrolls of teleportation
 p - 7 scrolls of remove curse
 r - 3 scrolls of recharging
 s - 6 scrolls of magic mapping
 t - 3 scrolls of fear
 v - 4 scrolls of torment
 y - a scroll of identify
 z - 5 scrolls of enchant weapon
 D - 2 scrolls of immolation
 F - 6 scrolls of enchant armour
 G - 2 scrolls of summoning
 H - a scroll of blinking
 J - 2 scrolls of brand weapon
 K - 4 scrolls of fog
 R - a scroll of holy word
Potions
 e - 3 potions of flight
 f - 7 potions of curing
 g - 7 potions of mutation
 i - 8 potions of agility
 o - a potion of haste
 C - 4 potions of might
 L - 2 potions of cancellation
 M - 5 potions of lignification
 Q - 2 potions of ambrosia
 S - 2 potions of invisibility
 Z - a potion of resistance
Comestibles
 c - 16 bread rations
 m - 4 meat rations
 V - 2 royal jellies


   Skills:
 * Level 19.7 Fighting
 - Level 20.0 Axes
 - Level 16.2 Armour
 - Level 12.7 Dodging
 * Level 6.8 Shields


You had 16 spell levels left.
You didn't know any spells.

Dungeon Overview and Level Annotations

Branches:
Dungeon (15/15)            Temple (1/1) D:5            Lair (6/6) D:11
 Shoals (2/4) Lair:2        Snake (3/4) Lair:2        Slime (0/5) Lair:5
    Orc (2/2) D:12            Elf (0/3) Orc:2        Vaults (0/5) D:13
 Depths (0/5) D:15

Altars:
Ashenzari
Cheibriados
Dithmenos
Elyvilon
Fedhas
Gozag
Hepliaklqana
Kikubaaqudgha
Makhleb
Nemelex Xobeh
Okawaru
Qazlal
Ru
Sif Muna
Trog
Uskayaw
Vehumet
Xom
Yredelemnul
Zin
The Shining One
Jiyva

Shops:
D:4 *   D:5 }}   D:6 =   Orc:1 [   Orc:2 ?*!=   Snake:1 :[}

Annotations:
D:10 Maurice


Innate Abilities, Weirdness & Mutations

You reflexively headbutt those who attack you in melee.
You have a pair of horns on your head.
Your flesh is cold resistant. (rC+)


Message History

The water nymph is engulfed in a cloud of scalding steam.
The water nymph touches you. The water nymph drowns you!
* * * LOW HITPOINT WARNING * * *
The merfolk impaler barely misses you. The water elemental hits you!
* * * LOW HITPOINT WARNING * * *
The merfolk aquamancer mumbles some strange words.
The merfolk aquamancer blinks!
The water nymph touches you. The water nymph drowns you!
* * * LOW HITPOINT WARNING * * *
You cannot read scrolls while unable to breathe!
With effort, you pull free of the water engulfing you.
You gasp with relief as air once again reaches your lungs.
You block the merfolk's attack. The merfolk impaler misses you.
Splash!
You fall into the shallow water.
Moving in this stuff is going to be slow.
You block the merfolk's attack. The merfolk completely misses you.
The water nymph casts a spell at you. The water swirls and strikes you!
You die...

≈≈≈≈≈≈≈≈≈≈≈≈≈≈≈≈
≈≈≈≈≈≈≈≈≈≈≈≈≈≈≈≈≈
≈≈≈≈≈≈≈≈≈..≈≈≈≈≈≈
≈≈.≈≈≈≈≈≈≈≈≈≈≈≈≈≈
≈.≈≈≈≈≈≈≈P≈≈≈≈≈≈≈
≈≈≈≈P≈≈≈≈≈≈≈≈≈.≈≈
≈≈≈≈≈≈.§Emm≈P≈.≈≈
≈≈≈≈≈≈.mmmm≈≈...≈
≈≈≈≈P≈≈##@.≈≈.>.≈
≈≈≈≈≈≈≈ #PP.....≈
≈≈≈≈≈≈≈ ≈..P.....
≈≈≈≈≈P≈≈≈...P....
≈≈≈≈..≈≈≈.....≈≈.
≈≈≈....≈≈......≈.
≈≈≈≈≈≈.≈PP.....P.
.≈.)≈≈........


You could see a merfolk impaler, 3 merfolk, a water elemental and 2 water
nymphs.

Vanquished Creatures
  Asterion (Lair:2)
  Gastronok (D:8)
  Agnes (Snake:1)
  Donald (Snake:3)
  A fire giant (D:15)
  Aizul (Snake:1)
  A dire elephant (Lair:6)
  Snorg (D:13)
  Josephine (Snake:1)
  An ogre mage (D:13)
  A fire dragon (Lair:6)
  3 naga warriors
  8 hydras
  Fannar (Lair:3)
  2 catoblepae (Lair:6)
  6 two-headed ogres
  A rakshasa (D:9)
  A centaur warrior (D:9)
  8 anacondas
  The ghost of Schiappus the Chopper, a novice TrBe of Trog (D:9)
  A merfolk avatar (Shoals:1)
  2 death knights
  9 death yaks
  An orc high priest (Orc:2)
  Urug (D:13)
  12 naga sharpshooters
  2 shock serpents
  Sonja (D:10)
  2 salamander mystics (Snake:2)
  The ghost of damerell the Destroyer, a novice OpWz of Ashenzari (D:8)
  6 skeletal warriors
  An unseen horror (D:15)
  3 sea snakes (Shoals:1)
  A swamp dragon (Lair:6)
  2 naga ritualists
  A wizard (D:15)
  3 lindwurms
  A phantasmal warrior (D:12)
  A necromancer (IceCv)
  An orc knight (D:15)
  5 ugly things
  3 deep elf magi
  7 orc sorcerers
  6 mana vipers
  An oklob plant (D:12)
  3 cyclopes
  6 manticores
  7 salamanders
  2 elephants (Lair:6)
  2 merfolk sirens
  25 black mambas
  16 naga magi
  A water nymph (Shoals:1)
  10 spiny frogs
  3 ice statues (IceCv)
  A gargoyle (D:9)
  2 torpor snails
  A spiny frog (shapeshifter) (D:14)
  2 kobold demonologists (D:15)
  5 yaktaurs
  6 ice devils (IceCv)
  5 rime drakes (Lair:6)
  9 komodo dragons
  A freezing wraith (D:15)
  A redback zombie (D:15)
  7 trolls
  A queen bee (shapeshifter) (D:15)
  2 wind drakes (Shoals:1)
  6 meliai
  3 merfolk (Shoals:1)
  2 dream sheep (Lair:6)
  13 slime creatures
  13 blink frogs
  A snapping turtle (Shoals:2)
  2 hornets
  12 hippogriffs
  3 shadows
  3 spriggans (Lair:5)
  47 yaks
  3 vampires
  7 wraiths
  4 wyverns
  5 hungry ghosts
  8 basilisks
  5 vampire mosquitoes
  A warg (Orc:2)
  The ghost of Lanoc the Bolt Thrower, an amateur KoHu (D:4)
  2 soldier ants
  37 nagas
  2 hell hounds (D:11)
  2 acid dragons
  16 water moccasins
  12 porcupines
  2 swamp drakes (Lair:6)
  A phantom (D:9)
  3 ice beasts
  17 orc warriors
  6 sky beasts
  5 black bears
  A hornet zombie (D:8)
  10 ogres
  A boggart (D:13)
  17 wolves
  5 centaurs
  11 crocodiles
  6 big kobolds
  17 bullfrogs
  A wyvern zombie (D:9)
  2 wyvern skeletons
  3 scorpions
  6 killer bees
  A water moccasin skeleton (D:10)
  22 wights
  10 crimson imps
  5 electric eels
  A bullfrog zombie (D:9)
  A quasit (D:7)
  7 hounds
  5 jellies
  19 orc priests
  35 orc wizards
  Crazy Yiuf (D:4)
  5 bullfrog skeletons
  9 centaur skeletons
  5 iguanas
  A spriggan simulacrum (IceCv)
  13 worker ants
  6 troll simulacra (IceCv)
  A killer bee zombie (D:5)
  A howler monkey skeleton (D:8)
  A worker ant zombie (D:9)
  3 gnolls (D:3)
  7 adders
  2 naga simulacra (IceCv)
  An ogre simulacrum (IceCv)
  4 shadow imps
  2 adder skeletons
  10 worms
  A dart slug (D:1)
  6 leopard geckos
  60 orcs
  A ball python (D:3)
  3 giant cockroaches
  7 goblins
  10 hobgoblins
  8 jackals
  26 kobolds
  6 quokkas
  6 bats
  8 frilled lizards
  2 jackal zombies
  A leopard gecko skeleton (D:4)
  A quokka skeleton (D:8)
  A quokka zombie (D:9)
  6 rats
  6 bushes
  8 fungi
  21 plants
924 creatures vanquished.

Vanquished Creatures (collateral kills)
  Vashnia (Snake:3)
  A naga sharpshooter (Snake:3)
  2 black mambas (Snake:3)
4 creatures vanquished.

Vanquished Creatures (others)
  A centaur warrior (D:14)
  A wizard (D:4)
  A yaktaur (Shoals:1)
  A water elemental (Shoals:2)
  A swamp drake (Lair:6)
  An iguana (Lair:6)
  An orc (Orc:2)
  2 kobolds (D:7)
  14 fungi
  6 plants
29 creatures vanquished.

Grand Total: 957 creatures vanquished

Notes
Turn   | Place    | Note
-------+----------+-------------------------------------------
     0 | D:1      | ucho the Minotaur Berserker began the quest for the Orb.
     0 | D:1      | Reached XP level 1. HP: 19/19 MP: 0/0
    47 | D:1      | Reached skill level 4 in Axes
   162 | D:1      | Reached XP level 2. HP: 26/26 MP: 1/1
   456 | D:1      | Reached skill level 5 in Axes
   541 | D:1      | Reached XP level 3. HP: 31/31 MP: 2/2
   574 | D:1      | Reached ** piety under Trog
   908 | D:2      | Found a white marble altar of Elyvilon.
  1488 | D:2      | Reached XP level 4. HP: 19/39 MP: 3/3
  1763 | D:3      | Reached skill level 6 in Axes
  2125 | D:3      | Reached *** piety under Trog
  2233 | D:3      | Reached XP level 5. HP: 45/45 MP: 4/4
  2236 | D:3      | Reached skill level 7 in Axes
  2386 | D:3      | Noticed an ogre
  2391 | D:3      | Killed an ogre
  2444 | D:3      | Reached skill level 8 in Axes
  2444 | D:3      | Reached XP level 6. HP: 47/51 MP: 5/5
  3054 | D:4      | Reached skill level 9 in Axes
  3054 | D:4      | Reached XP level 7. HP: 58/60 MP: 6/6
  3088 | D:4      | Found a blossoming altar of Fedhas.
  3091 | D:4      | Found a stormy altar of Qazlal.
  3218 | D:4      | Found Liuran's General Store.
  3295 | D:4      | Found a bloodstained altar of Trog.
  3296 | D:4      | Noticed a wizard
  3302 | D:4      | Killed a wizard
  3398 | D:4      | Noticed Lanoc's ghost (amateur KoHu)
  3412 | D:4      | Killed Lanoc's ghost
  3734 | D:4      | Found a runed door.
  3741 | D:4      | Noticed Crazy Yiuf
  3745 | D:4      | Killed Crazy Yiuf
  3863 | D:5      | Entered Level 5 of the Dungeon
  3934 | D:5      | Reached skill level 5 in Fighting
  3956 | D:5      | Found Wuekuizu's Gadget Boutique.
  3993 | D:5      | Reached skill level 10 in Axes
  4232 | D:5      | Found a staircase to the Ecumenical Temple.
  4243 | Temple   | Entered the Ecumenical Temple
  4592 | D:5      | Found Anacap's Gadget Shoppe.
  4632 | D:6      | Reached XP level 8. HP: 69/69 MP: 7/7
  4667 | D:6      | Reached skill level 5 in Armour
  4858 | D:6      | Found a stormy altar of Qazlal.
  4869 | D:6      | Reached skill level 11 in Axes
  4984 | D:6      | Found Jiczopp's Jewellery Shoppe.
  5559 | D:7      | Reached XP level 9. HP: 64/78 MP: 8/8
  6041 | D:7      | Found a basalt altar of Yredelemnul.
  6134 | D:7      | Found a hazy altar of Hepliaklqana.
  6339 | D:7      | Reached skill level 12 in Axes
  6516 | D:8      | Noticed damerell's ghost (novice OpWz)
  6802 | D:8      | Killed damerell's ghost
  6914 | D:8      | Found a hide-covered altar of Uskayaw.
  6914 | D:8      | Found a snail-covered altar of Cheibriados.
  6914 | D:8      | Found a sacrificial altar of Ru.
  6945 | D:8      | Reached **** piety under Trog
  6995 | D:8      | Reached skill level 13 in Axes
  7309 | D:8      | Reached XP level 10. HP: 90/90 MP: 9/9
  7643 | D:9      | Noticed Gastronok
  7687 | D:8      | Killed Gastronok
  7687 | D:8      | Reached skill level 14 in Axes
  7798 | D:9      | Got a faintly humming helmet
  7877 | D:9      | Noticed a cyclops
  7884 | D:9      | Noticed a centaur warrior
  7886 | D:9      | Noticed a rakshasa
  7887 | D:9      | Noticed a gargoyle
  7983 | D:9      | Noticed Schiappus's ghost (novice TrBe)
  7995 | D:9      | Killed Schiappus's ghost
  8105 | D:9      | Noticed a two-headed ogre
  8118 | D:9      | Killed a two-headed ogre
  8118 | D:9      | Reached skill level 15 in Axes
  8134 | D:9      | Found a deep blue altar of Sif Muna.
  8135 | D:9      | Found an ancient bone altar of Kikubaaqudgha.
  8148 | D:9      | Reached XP level 11. HP: 84/99 MP: 10/10
  8157 | D:9      | Reached skill level 10 in Fighting
  8188 | D:9      | Noticed a deep elf mage
  8194 | D:9      | Killed a deep elf mage
  8249 | D:9      | Killed a rakshasa
  8249 | D:9      | Reached skill level 10 in Armour
  8731 | D:9      | Killed a centaur warrior
  8861 | D:9      | Reached ***** piety under Trog
  9216 | D:10     | Entered Level 10 of the Dungeon
  9537 | D:10     | Reached skill level 16 in Axes
  9609 | D:10     | Noticed Sonja
  9621 | D:10     | Killed Sonja
  9700 | D:10     | Received a gift from Trog
  9851 | D:10     | Reached skill level 1 in Shields
 10246 | D:10     | Noticed Maurice
 11065 | D:11     | Noticed a purple ugly thing
 11072 | D:11     | Killed a purple ugly thing
 11502 | D:11     | Found a staircase to the Lair.
 11843 | D:12     | Reached XP level 12. HP: 101/110 MP: 11/11
 12011 | D:12     | Found a staircase to the Orcish Mines.
 12500 | D:12     | Found a blossoming altar of Fedhas.
 12755 | D:12     | Noticed a seven-headed hydra
 12773 | D:12     | Killed a two-headed hydra
 13319 | D:4      | Bought a scroll of identify for 26 gold pieces
 13319 | D:4      | Bought a scroll of identify for 26 gold pieces
 13319 | D:4      | Bought 3 scrolls of identify for 78 gold pieces
 13500 | Orc:1    | Entered Level 1 of the Orcish Mines
 13539 | Orc:2    | Entered Level 2 of the Orcish Mines
 13754 | Orc:1    | Found Midozal's Antique Armour Shoppe.
 13775 | Orc:1    | You fall through a shaft!
 13775 | Orc:2    | Found Okkaoc's Distillery.
 13775 | Orc:2    | Found Acour's Jewellery Emporium.
 13775 | Orc:2    | Found Ygur's General Store.
 13775 | Orc:2    | Noticed an orc high priest
 14188 | Orc:2    | Reached skill level 5 in Dodging
 14195 | Orc:2    | Paralysed by an orc sorcerer for 5 turns
 14603 | Orc:2    | Killed an orc high priest
 14788 | Orc:2    | Found Geec's Magic Scroll Shoppe.
 15032 | Orc:2    | Found a staircase to the Elven Halls.
 15143 | Orc:2    | Bought a scroll of enchant weapon for 112 gold pieces
 15143 | Orc:2    | Bought a scroll of noise for 15 gold pieces
 15143 | Orc:2    | Bought a scroll of enchant armour for 112 gold pieces
 15143 | Orc:2    | Bought a scroll of enchant weapon for 112 gold pieces
 15146 | Orc:2    | Bought a potion of ambrosia for 88 gold pieces
 15146 | Orc:2    | Bought a potion of degeneration for 11 gold pieces
 15146 | Orc:2    | Bought a potion of invisibility for 88 gold pieces
 15147 | Orc:2    | Bought a scroll of identify for 30 gold pieces
 15307 | Lair:1   | Entered Level 1 of the Lair of Beasts
 15389 | Lair:1   | Reached XP level 13. HP: 124/124 MP: 12/12
 15979 | Lair:2   | Found a staircase to the Shoals.
 16124 | Lair:2   | Received a gift from Trog
 16249 | Lair:2   | Found a staircase to the Snake Pit.
 17194 | Orc:1    | Bought a glowing plate armour for 884 gold pieces
 17194 | Orc:1    | Bought a pair of embroidered gloves for 255 gold pieces
 17755 | Lair:3   | Noticed Fannar
 17768 | Lair:3   | Killed Fannar
 17768 | Lair:3   | Reached skill level 15 in Fighting
 19754 | Lair:5   | Reached XP level 14. HP: 138/138 MP: 13/13
 20057 | Lair:5   | Found a viscous altar of Jiyva.
 20058 | Lair:5   | Found a staircase to the Slime Pits.
 20510 | Lair:6   | Entered Level 6 of the Lair of Beasts
 20710 | Lair:6   | Found a frozen archway.
 20737 | IceCv    | Entered an ice cave
 21388 | IceCv    | Got an ancient war axe
 21390 | IceCv    | Got a pitted scale mail
 21402 | IceCv    | Identified the +6 scale mail of the Comet {rPois Str+2} (You found it in an ice cave)
 21412 | IceCv    | Identified the cursed +1 war axe of Honour {elec, rC- Int+4 Dex+4} (You found it in an ice cave)
 21519 | Lair:6   | Received a gift from Trog
 22119 | Lair:6   | Reached skill level 17 in Axes
 22856 | Lair:6   | Reached skill level 18 in Axes
 23748 | D:13     | Noticed Urug
 23751 | D:13     | Killed Urug
 23832 | D:13     | Reached XP level 15. HP: 147/147 MP: 4/14
 24236 | D:13     | Noticed Snorg
 24252 | D:13     | Killed Snorg
 24252 | D:13     | Reached skill level 19 in Axes
 24834 | D:13     | Found a gate to the Vaults.
 25658 | D:15     | Entered Level 15 of the Dungeon
 25671 | D:15     | Reached skill level 20 in Axes
 25731 | D:15     | Found a staircase to the Depths.
 25731 | D:15     | Noticed a fire giant
 25765 | D:15     | Killed a fire giant
 26120 | D:15     | Reached skill level 10 in Dodging
 26885 | D:15     | Reached skill level 15 in Armour
 27319 | Snake:1  | Entered Level 1 of the Snake Pit
 27329 | Snake:1  | Noticed Asterion
 27358 | Snake:1  | Gained mutation: Your flesh is cold resistant. (rC+) [a cacodemon]
 28035 | Lair:2   | Noticed an Executioner
 28046 | Lair:2   | Killed Asterion
 28112 | Snake:1  | Found Puuhuacs's Gadget Shoppe.
 28114 | Snake:1  | Found Hegyque's Armour Emporium.
 28116 | Snake:1  | Found Meoff's Book Shoppe.
 28299 | Snake:1  | Reached XP level 16. HP: 145/157 MP: 15/15
 28367 | Snake:1  | Got a pair of spiked gloves
 28378 | Snake:1  | Identified the cursed +0 pair of gloves "Sitegha" {rF++ Dex+5} (You found it on level 1 of the Snake Pit)
 28441 | Snake:1  | Received a gift from Trog
 28539 | Snake:1  | Noticed Josephine
 28567 | Snake:1  | Killed Josephine
 28876 | Snake:1  | Received a gift from Trog
 29153 | Snake:1  | Noticed Agnes
 29165 | Snake:1  | Killed Agnes
 29248 | Snake:1  | Noticed Aizul
 29260 | Snake:1  | Killed Aizul
 29449 | Snake:1  | Found Meoff's Book Shoppe.
 29451 | Snake:1  | Found Hegyque's Armour Emporium.
 29453 | Snake:1  | Found Puuhuacs's Gadget Shoppe.
 32263 | Snake:3  | Reached ****** piety under Trog
 32277 | Snake:3  | Noticed Donald
 32294 | Snake:3  | Killed Donald
 32691 | Snake:3  | Received a gift from Trog
 32856 | Snake:3  | Noticed Vashnia
 32859 | Snake:3  | Reached skill level 5 in Shields
 32981 | Snake:3  | Killed Vashnia
 33586 | Shoals:1 | Entered Level 1 of the Shoals
 34101 | Shoals:1 | Reached XP level 17. HP: 168/168 MP: 16/16
 34721 | Shoals:2 | Killed from afar by a water nymph

Skill      XL: |  1  2  3  4  5  6  7  8  9 10 11 12 13 14 15 16 |
---------------+-------------------------------------------------+-----
Axes           | 4 5 6 8 9 10 11 13 15 16 18 20 | 20.0
Fighting       | 4 5 6 8 9 11 14 16 17 19 | 19.7
Armour         | 3 4 6 8 9 11 12 13 14 15 16 | 16.2
Shields        | 4 6 |  6.8
Dodging        | 6 8 9 11 12 | 12.7

Action                   |  1- 3 |  4- 6 |  7- 9 | 10-12 | 13-15 | 16-18 || total
-------------------------+-------+-------+-------+-------+-------+-------++-------
Melee: Hand axe          |   103 |    94 |   176 |   265 |   167 |       ||   805
       Headbutt          |    13 |    22 |    64 |   243 |   368 |   151 ||   861
       War axe           |       |       |   202 |   652 |   527 |       ||  1381
       Executioner's axe |       |       |       |       |   236 |       ||   236
       Broad axe         |       |       |       |       |   395 |   457 ||   852
Throw: Tomahawk          |     1 |       |     7 |    33 |     4 |     2 ||    47
Invok: Berserk           |     4 |     7 |    14 |    34 |    31 |     9 ||    99
       Trog's Hand       |       |     1 |     6 |    23 |    18 |     5 ||    53
       Burn Spellbooks   |       |       |     1 |       |     2 |     1 ||     4
       Brothers in Arms  |       |       |       |     1 |     1 |     3 ||     5
Evoke: Wand              |       |       |       |     4 |     4 |     2 ||    10
  Use: Scroll            |       |     4 |     9 |    14 |    11 |     2 ||    40
       Potion            |       |       |     2 |     4 |     3 |     2 ||    11
 Stab: Invisible         |       |       |     1 |       |       |       ||     1
       Distracted        |       |       |       |     1 |       |       ||     1
       Petrified         |       |       |       |       |     2 |       ||     2
  Eat: Chunk             |     1 |     8 |     5 |    43 |    46 |     6 ||   109
       Meat ration       |     1 |       |     1 |       |     3 |     2 ||     7
       Bread ration      |       |     1 |     4 |       |       |     1 ||     6
       Royal jelly       |       |       |       |    12 |     3 |     3 ||    18
       Fruit             |       |       |       |     9 |    18 |     6 ||    33
Armor: Animal skin       |     5 |       |       |       |       |       ||     5
       Leather armour    |     4 |       |       |       |       |       ||     4
       Scale mail        |     7 |     2 |       |       |   197 |    82 ||   288
       Ring mail         |     5 |       |       |       |       |       ||     5
       Chain mail        |       |    17 |    31 |   304 |    38 |       ||   390
       Plate armour      |       |       |   174 |    87 |   374 |    81 ||   716
Dodge: Dodged            |    46 |    26 |   113 |   223 |   559 |   206 ||  1173
Block: Buckler           |       |       |    45 |   168 |   215 |   100 ||   528
       Other             |       |       |     4 |       |    13 |       ||    17
       Reflection        |       |       |     3 |     9 |     8 |    34 ||    54
       Shield            |       |       |       |       |       |    72 ||    72
